 Dungeon Crawl Stone Soup version 0.23-a0-171-g5ae17c6 (webtiles) character file.

0 unkepunke the Conjurer (level 1, -1/14 HPs)
             Began as a Draconian Conjurer on Sept 13, 2018.
             Slain by a worm (3 damage)
             ... on level 2 of the Dungeon.
             The game lasted 00:05:19 (122 turns).

unkepunke the Conjurer (Draconian Conjurer)          Turns: 122, Time: 00:05:19

Health: -1/14      AC:  4    Str: 10    XL:     1   Next: 8%
Magic:  3/3        EV: 12    Int: 15    God:
Gold:   2          SH:  0    Dex: 11    Spells: 3/4 levels left

rFire    . . .     SeeInvis .   (no weapon)
rCold    . . .     Gourm    .   (no shield)
rNeg     . . .     Faith    .   (armour unavailable)
rPois    .         Spirit   .   (helmet restricted)
rElec    .         Reflect  .   (no cloak)
rCorr    .         Harm     .   (no gloves)
MR       .....                  (no boots)
Stlth    ++........             (no amulet)
HPRegen  0.04/turn              (no ring)
MPRegen  0.08/turn              (no ring)

@: no status effects
A: unfitting armour, cold-blooded, AC +4
a: no special abilities


You were on level 2 of the Dungeon.
You were not hungry.

You visited 1 branch of the dungeon, and saw 2 of its levels.

You collected 2 gold pieces.

Inventory:

Missiles
 f - 3 tomahawks (quivered)
Scrolls
 a - a scroll of identify
Potions
 e - a potion of curing {unknown}
Comestibles
 b - 3 rations
 c - a chunk of flesh


   Skills:
 + Level 1.7 Dodging
 + Level 1.7 Stealth
 + Level 2.0 Spellcasting
 + Level 4.0 Conjurations


You had 3 spell levels left.
You knew the following spells:

 Your Spells              Type           Power        Failure   Level  Hunger
a - Magic Dart            Conj           ##..         4%          1    #......

Your spell library contained the following spells:

 Spells                   Type           Power        Failure   Level  Hunger
 Searing Ray              Conj           ##....       6%          2    ###....
 Dazzling Spray           Conj/Hex       #.....       28%         3    ###....
 Iskenderun's Mystic Bla  Conj           ##......     38%         4    #####..
 Force Lance              Conj/Tloc      #.......     67%         4    #####..
 Fulminant Prism          Conj/Hex       #.........   67%         4    #####..


Dungeon Overview and Level Annotations

Branches:
Dungeon (2/15)

Altars:


Innate Abilities, Weirdness & Mutations

Your plain brown scales are hard. (AC +4)
You cannot fit into any form of body armour.
You are cold-blooded and may be slowed by cold attacks.


Message History

Okay, then.
You hit the hobgoblin.
Your tail-slap misses the hobgoblin.
The hobgoblin is moderately wounded.
The hobgoblin misses you.
Sorry, you're not good enough to have a special ability.
As you read the scroll labeled TIWOEK OPTISS, it crumbles to dust.
It is a scroll of enchant weapon.
You aren't carrying any weapons that can be enchanted.
The hobgoblin hits you but does no damage.
Throwing (i - inventory)
f - 4 tomahawks (quivered)
Press: ? - help, Shift-Dir - straight line, f - worm
Aim: a worm You throw a tomahawk.
The tomahawk hits the worm but does no damage.
The hobgoblin closely misses you. The hobgoblin hits you with a club.
* * * LOW HITPOINT WARNING * * *
The worm barely misses you. The hobgoblin barely misses you.
The hobgoblin barely misses you. The worm bites you.
You die...

.# #.. #.# #.# #.# #.# #####
###.# # . #...####...# #...
#..g.@.....########...
##...wg............#...
#...........######.#...
#######..(...##...######.....
.............................
.............................
..............#.......#......
........#####.####....#......
........# #.# #....#......


You could see a worm and 2 hobgoblins.

Vanquished Creatures
  A rat (D:2)
1 creature vanquished.

Notes
Turn   | Place    | Note
-------+----------+-------------------------------------------
     0 | D:1      | unkepunke the Draconian Conjurer began the quest for the
                  | Orb.
     0 | D:1      | Reached XP level 1. HP: 14/14 MP: 3/3
   122 | D:2      | Slain by a worm

Vault maps used:
D:1:      lemuel_arrival_broad_hall
D:2:      first_ration

Action                   || total
-------------------------++-------
Melee: Unarmed           ||    17
       Tailslap          ||     1
Throw: Tomahawk          ||     1
  Use: Scroll            ||     3
Armor: Skin              ||     1
Dodge: Dodged            ||    14

Table legend:
 A = Non-vault XP
 B = Vault XP
 C = Vault XP percentage of total XP
 D = Non-vault monster count
 E = Vault monster count
 F = Vault count percentage of total count
                 A         B        C        D         E       F
            +---------+---------+-------+---------+---------+-------
      Total |       1 |       0 |   0.0 |       1 |       0 |   0.0
            +---------+---------+-------+---------+---------+-------
        D:2 |       1 |       0 |   0.0 |       1 |       0 |   0.0
            +---------+---------+-------+---------+---------+-------
